 Dungeon Crawl Stone Soup version 0.25-a0-302-g9f758675c1 (webtiles) character file.

Game seed: 14884405790448130082, levelgen mode: deterministic

3458 MoonlitKnight the Cleaver (level 10, 0/90 HPs)
             Began as a Hill Orc Fighter on Dec 20, 2019.
             Succumbed to a hornet's poison
             ... on level 7 of the Dungeon.
             The game lasted 00:10:03 (7155 turns).

MoonlitKnight the Cleaver (Hill Orc Fighter)        Turns: 7155, Time: 00:10:03

Health: 0/90       AC: 16    Str: 23    XL:     10   Next: 6%
Magic:  10/10      EV:  5    Int:  8    God:
Gold:   201        SH: 11    Dex: 10    Spells: 9/9 levels left

rFire    . . .     SeeInvis .   a - +1 war axe
rCold    . . .     Gourm    .   c - +0 shield
rNeg     . . .     Faith    .   g - +0 plate armour
rPois    +         Spirit   .   (no helmet)
rElec    .         Reflect  .   m - +0 cloak
rCorr    .         Harm     .   (no gloves)
MR       .....                  z - +0 pair of boots
Stlth    ..........             (no amulet)
HPRegen  0.25/turn              j - ring of poison resistance
MPRegen  0.12/turn              (no ring)

@: lethally poisoned (0 -> -6), marked
A: no striking features
a: no special abilities


You were on level 7 of the Dungeon.
You were not hungry.

You visited 1 branch of the dungeon, and saw 7 of its levels.

You collected 201 gold pieces.

Inventory:

Hand Weapons
 a - a +1 war axe (weapon)
Armour
 c - a +0 shield (worn)
 g - a +0 plate armour (worn)
 m - a +0 cloak (worn)
 z - a +0 pair of boots (worn)
Jewellery
 j - a ring of poison resistance (left hand)
 s - a +4 amulet of reflection {unknown}
 x - an uncursed ring of ice
 C - an uncursed ring of flight {unknown}
 E - an uncursed amulet of rage {unknown}
Wands
 w - a wand of flame (25)
 D - a wand of random effects (33)
Scrolls
 e - a scroll of magic mapping
 h - 3 scrolls of identify {unknown}
 l - a scroll of teleportation
 r - 4 scrolls of enchant weapon
 u - 3 scrolls of remove curse {unknown}
 v - 2 scrolls of enchant armour {unknown}
 y - a scroll of amnesia {unknown}
 B - a scroll of blinking {unknown}
 F - a scroll of immolation {unknown}
Potions
 b - a potion of ambrosia {unknown}
 d - 3 potions of might
 i - a potion of invisibility
 k - a potion of degeneration {unknown}
 n - 2 potions of mutation {unknown}
 o - 3 potions of heal wounds {unknown}
 p - a potion of brilliance {unknown}
 q - a potion of curing
 t - 3 potions of flight {unknown}
 A - 2 potions of lignification {unknown}
Comestibles
 f - 8 rations
 G - 4 chunks of flesh


   Skills:
 + Level 8.4 Fighting
 * Level 11.6 Axes
 + Level 7.6 Armour
 + Level 7.5 Shields


You had 9 spell levels left.
You didn't know any spells.
Your spell library was empty.

Dungeon Overview and Level Annotations

Branches:
Dungeon (7/15)
 Temple: D:4-7

Altars:
Cheibriados
Fedhas
Sif Muna
Uskayaw
Wu Jian

Shops:
D:4 [


Message History

* * * LOW HITPOINT WARNING * * *
The water moccasin zombie barely misses you.
You hit the water moccasin zombie.
The water moccasin zombie is lightly damaged.
You miss the hornet. The hornet stings you.
* * * LOW HITPOINT WARNING * * *
You are lethally poisoned!
You block the hornet's attack.
The water moccasin zombie barely misses you.
You barely miss the water moccasin zombie.
The water moccasin zombie is lightly damaged.
You slash the hornet!
* * * LOW HITPOINT WARNING * * *
You feel sick. The hornet stings you.
* * * LOW HITPOINT WARNING * * *
The water moccasin zombie barely misses you.
You slash the water moccasin zombie!
The water moccasin zombie is moderately damaged.
You closely miss the hornet.
You die...

####. ..... # ###..## #### .#
#..... ..# #....# ####...#
#....# .......# #....#
.......####+####....#
.###.#.........#....#
...........)...Z@y..# ######.
.###.###.....#.#(#..##.......
...>.............(((.........
......[...........)..).......
.##..###.###........#(#####..
.................#..#)#
.###...#.##..........(.# .#
#...#.##...#..#..#..# ..
#...#.##.........#(.#


You could see a hornet and a water moccasin zombie.

Vanquished Creatures
  Harold (D:7)
  Grinder (D:4)
  Sigmund (D:2)
  A hungry ghost (D:6)
  Edmund (D:4)
  A water moccasin (D:5)
  2 ice beasts
  An orc warrior (D:6)
  A black bear (D:7)
  A sky beast (D:6)
  A necrophage (D:2)
  2 centaurs
  5 ogres
  A bullfrog (D:6)
  A water moccasin skeleton (D:5)
  A howler monkey (D:7)
  3 crimson imps
  A bullfrog zombie (D:5)
  A centaur skeleton (D:4)
  A bullfrog skeleton (D:6)
  A hound (D:6)
  A jelly (D:6)
  5 orc wizards
  Jessica (D:3)
  2 iguanas
  4 worker ants
  2 hound skeletons (D:7)
  6 gnolls
  14 adders
  2 shadow imps (D:6)
  An ooze (D:2)
  A worm (D:5)
  A leopard gecko (D:1)
  15 orcs
  2 ball pythons (D:1)
  6 giant cockroaches
  5 goblins
  8 hobgoblins
  3 jackals (D:4)
  A quokka (D:7)
  4 bats
  3 frilled lizards
  A jackal zombie (D:6)
  4 kobolds
  3 rats
124 creatures vanquished.

Notes
Turn   | Place    | Note
-------+----------+-------------------------------------------
     0 | D:1      | MoonlitKnight the Hill Orc Fighter began the quest for the
                  | Orb.
     0 | D:1      | Reached XP level 1. HP: 19/19 MP: 1/1
    54 | D:1      | Reached skill level 3 in Axes
    60 | D:1      | Reached XP level 2. HP: 24/27 MP: 2/2
   775 | D:2      | Reached XP level 3. HP: 33/33 MP: 3/3
  1117 | D:2      | Reached skill level 4 in Axes
  1117 | D:2      | Reached XP level 4. HP: 31/40 MP: 4/4
  1561 | D:2      | Noticed Sigmund
  1579 | D:2      | Killed Sigmund
  1579 | D:2      | Reached skill level 5 in Axes
  1579 | D:2      | Reached XP level 5. HP: 14/47 MP: 5/5
  1579 | D:2      | Reached XP level 6. HP: 17/55 MP: 6/6
  2034 | D:2      | Found a shimmering blue altar of Sif Muna.
  2035 | D:2      | Noticed a necrophage
  2043 | D:2      | Killed a necrophage
  2043 | D:2      | Reached skill level 5 in Fighting
  2137 | D:2      | Reached skill level 6 in Axes
  2278 | D:2      | Found a snail-covered altar of Cheibriados.
  2375 | D:3      | Found a hide-covered altar of Uskayaw.
  2452 | D:3      | Reached XP level 7. HP: 36/61 MP: 7/7
  2662 | D:3      | Noticed Jessica
  2680 | D:3      | Killed Jessica
  3274 | D:4      | Noticed Edmund
  3295 | D:4      | Killed Edmund
  3295 | D:4      | Reached skill level 5 in Armour
  3295 | D:4      | Reached skill level 5 in Shields
  3319 | D:4      | Reached skill level 7 in Axes
  3637 | D:4      | Noticed Grinder
  3641 | D:4      | Paralysed by Grinder for 2 turns
  3649 | D:4      | Killed Grinder
  3649 | D:4      | Reached XP level 8. HP: 40/70 MP: 8/8
  3967 | D:4      | Found Mucaozod's Armour Emporium.
  4155 | D:5      | Entered Level 5 of the Dungeon
  4162 | D:5      | Reached skill level 8 in Axes
  4544 | D:5      | Reached skill level 9 in Axes
  4932 | D:5      | Found an ornate altar of the Wu Jian Council.
  5025 | D:5      | Found a blossoming altar of Fedhas.
  5329 | D:6      | Reached XP level 9. HP: 77/79 MP: 9/9
  5533 | D:6      | Reached skill level 10 in Axes
  6383 | D:6      | Paralysed by fainting for 11 turns
  7100 | D:7      | Noticed Harold
  7122 | D:7      | Killed Harold
  7122 | D:7      | Reached skill level 11 in Axes
  7122 | D:7      | Reached XP level 10. HP: 8/89 MP: 10/10
  7122 | D:7      | HP: 4/89 [worker ant (4)]
  7127 | D:7      | HP: 2/89 [poisoned by a worker ant]
  7134 | D:7      | HP: 2/90 [poisoned by a worker ant]
  7142 | D:7      | HP: 2/90 [poisoned by a worker ant]
  7150 | D:7      | HP: 3/90 [hornet (1)]
  7154 | D:7      | HP: 1/90 [hornet (3)]
  7155 | D:7      | Succumbed to a hornet's poison

Levels and vault maps discovered:
D:1:      eino_arrival_cavern_b, layout_basic, minmay_misc_feat_roman,
          minmay_pentomino_p4
D:2:      layout_loops_corners, overflow_temple_1_default, lemuel_round_altar,
          grunt_ministairs_9, uniq_sigmund
D:3:      layout_rooms, lemuel_doored_altar, uniq_jessica
D:4:      layout_gridville, serial_shops, shop, uniq_edmund, uniq_grinder
D:5:      layout_basic, fedhas_ov_isle_minmay, kennysheep_mini_moat,
          first_ration
D:6:      layout_layer_cave, serial_rivers, chequers_serial_rivers_micro_d,
          chequers_serial_rivers_small_3, chequers_serial_rivers_large_a,
          chequers_serial_rivers_room_b, chequers_serial_rivers_micro_c,
          minivault_14
D:7:      layout_basic, lightli_temple_of_fire, old_standard_altar,
          temple_green, grunt_ministairs_7, nicolae_tso_swordbearing_angel,
          uniq_harold

Skill      XL: |  1  2  3  4  5  6  7  8  9 |
---------------+----------------------------+-----
Axes           | 3 4 5 6 7 9 11 | 11.6
Fighting       | 4 5 6 7 8 |  8.4
Armour         | 4 5 6 7 |  7.6
Shields        | 4 5 6 7 |  7.5

Action                   |  1- 3 |  4- 6 |  7- 9 | 10-12 || total
-------------------------+-------+-------+-------+-------++-------
Melee: War axe           |    84 |    87 |   321 |    10 ||   502
  Use: Scroll            |       |       |     3 |       ||     3
       Potion            |       |       |       |     1 ||     1
  Eat: Chunk             |     1 |     4 |     9 |     2 ||    16
       Ration            |       |       |     2 |       ||     2
Armor: Scale mail        |    37 |    45 |    21 |       ||   103
       Plate armour      |       |       |   164 |     4 ||   168
Dodge: Dodged            |    24 |    22 |    52 |     5 ||   103
Block: Shield            |    52 |    35 |   151 |     5 ||   243

Table legend:
 A = Non-vault XP
 B = Vault XP
 C = Vault XP percentage of total XP
 D = Non-vault monster count
 E = Vault monster count
 F = Vault count percentage of total count
                 A         B        C        D         E       F
            +---------+---------+-------+---------+---------+-------
      Total |    3206 |    1735 |  35.1 |     114 |      10 |   8.1
            +---------+---------+-------+---------+---------+-------
        D:1 |      27 |       4 |  12.9 |      15 |       2 |  11.8
        D:2 |     246 |     251 |  50.5 |      21 |       3 |  12.5
        D:3 |     139 |      37 |  21.0 |       8 |       1 |  11.1
        D:4 |     166 |     431 |  72.2 |      14 |       2 |  12.5
        D:5 |     874 |       0 |   0.0 |      17 |       0 |   0.0
        D:6 |    1359 |       0 |   0.0 |      31 |       0 |   0.0
        D:7 |     395 |    1012 |  71.9 |       8 |       2 |  20.0
            +---------+---------+-------+---------+---------+-------
